 Dungeon Crawl Stone Soup version 0.27-a0-1189-gb8eb6cee8e (webtiles) character file.

Game seed: 7053492741127289676

185 freelancePsychic the Skirmisher (level 5, -1/55 HPs)
             Began as an Ogre Warper on May 22, 2021.
             Slain by a water moccasin (3 damage)
             ... on level 5 of the Dungeon.
             The game lasted 00:08:41 (5716 turns).

freelancePsychic the Skirmisher (Ogre Warper)       Turns: 5716, Time: 00:08:41

Health: -1/55      AC:  3    Str: 15    XL:     5   Next: 64%
Magic:  8/8        EV:  9    Int: 15    God:
Gold:   180        SH:  0    Dex:  8    Spells: 1/8 levels left

rFire    . . .     SeeInvis .   e - +1 morningstar
rCold    . . .     Faith    .   (no shield)
rNeg     . . .     Spirit   .   b - +0 robe
rPois    .         Reflect  .   (helmet restricted)
rElec    .         Harm     .   (no cloak)
rCorr    .         Rampage  .   (gloves unavailable)
Will     .....                  (boots unavailable)
Stlth    +.........             (no amulet)
HPRegen  0.18/turn              (no ring)
MPRegen  0.11/turn              (no ring)

@: mighty, flying
A: large, unfitting armour, tough skin 1
a: no special abilities


You were on level 5 of the Dungeon.
You visited 1 branch of the dungeon, and saw 5 of its levels.

You collected 180 gold pieces.

Inventory:

Hand Weapons
 e - a +1 morningstar (weapon)
Missiles
 a - 2 boomerangs (quivered)
 d - 9 poisoned darts
Armour
 b - a +0 robe (worn)
Scrolls
 c - a scroll of amnesia
Potions
 h - a potion of brilliance


   Skills:
 + Level 4.3 Fighting
 * Level 3.8 Maces & Flails
 - Level 1.0 Throwing
 - Level 2.1 Dodging
 - Level 2.4 Spellcasting
 + Level 3.6 Translocations


You had one spell level left.
You knew the following spells:

 Your Spells              Type           Power      Damage    Failure   Level
a - Blink                 Tloc           N/A        N/A       8%          2
b - Manifold Assault      Tloc           12%        N/A       80%         5

Your spell library contained the following spells:

 Spells                   Type           Power      Damage    Failure   Level
 Magic Dart               Conj           4%         1d3       22%         1
 Gell's Gravitas          Tloc           6%         N/A       14%         3
 Lesser Beckoning         Tloc           6%         N/A       14%         3
 Teleport Other           Tloc           12%        N/A       14%         3
 Searing Ray              Conj           2%         3d3       32%         2
 Dazzling Flash           Conj/Hex       2%         N/A       54%         3
 Iskenderun's Mystic Bla  Conj/Tloc      7%         2d4       71%         4
 Fulminant Prism          Conj/Hex       0%         3d6       91%         4


Dungeon Overview and Level Annotations

Branches:
Dungeon (5/15)
 Temple: D:4-7

Altars:
Kikubaaqudgha
Qazlal


Innate Abilities, Weirdness & Mutations

You are too large for most types of armour.
You have tough skin. (AC +1)


Message History

You kill the ufetubus!
A quokka comes into view.
Found a viscous white potion.
You barely miss the quokka. The quokka closely misses you.
The quokka barely misses you.
You barely miss the quokka. The quokka bites you.
* * * LOW HITPOINT WARNING * * *
The quokka barely misses you.
Things that are here:
a +0 short sword; a +0 ring mail; an orc corpse You completely miss the phantom.
The phantom hits you.
* * * LOW HITPOINT WARNING * * *
The phantom blinks!
You blink.
You hit the phantom.
The phantom is moderately damaged.
The phantom hits you.
* * * LOW HITPOINT WARNING * * *
The phantom hits you but does no damage.
You hit the phantom.
The phantom is moderately damaged.
The phantom hits you.
* * * LOW HITPOINT WARNING * * *
The phantom blinks!
You blink.
Things that are here:
a +0 short sword; a +0 ring mail; an orc corpse It was a potion of curing.
You feel better. The phantom hits you!
* * * LOW HITPOINT WARNING * * *
A water moccasin comes into view.
The water moccasin bites you.
* * * LOW HITPOINT WARNING * * *
The water moccasin bites you.
* * * LOW HITPOINT WARNING * * *
There is a stone staircase leading up here.
It was a potion of flight.
You feel very buoyant.
You fly up into the air.
The water moccasin barely misses you. The phantom barely misses you.
Okay, then.
The water moccasin bites you.
You die...

######§.#####.#
#).)..........#
.##
#.####..#####.##..
#..###......#
#r..##.###..#
#......# ..#
#..###.###..####
#...)..rW......#
#.######S@..##..
#.# #.##.#
#[####.######.# ..
#...÷.........# ##
######.########
#.## #..########
#.....§§..##
#..≈≈≈§§§..#


You could see a phantom, a water moccasin and a quokka.

Vanquished Creatures
  A hound (D:2)
  4 gnolls
  2 adders
  An ufetubus (D:5)
  2 worms (D:4)
  2 dart slugs (D:2)
  5 orcs
  7 ball pythons
  4 bats
  6 endoplasms
  5 giant cockroaches
  5 goblins
  5 hobgoblins
  7 jackals
  4 quokkas
  2 frilled lizards
  6 kobolds
  5 rats
73 creatures vanquished.

Vanquished Creatures (others)
  3 plants (D:4)
3 creatures vanquished.

Grand Total: 76 creatures vanquished

Notes
Turn   | Place    | Note
-------+----------+-------------------------------------------
     0 | D:1      | freelancePsychic the Ogre Warper began the quest for the
                  | Orb.
     0 | D:1      | Reached XP level 1. HP: 22/22 MP: 3/3
   257 | D:1      | Reached skill level 3 in Fighting
   257 | D:1      | Reached XP level 2. HP: 19/31 MP: 5/5
   524 | D:1      | Found a faded altar of an unknown god.
   737 | D:1      | Reached XP level 3. HP: 15/37 MP: 6/6
  2147 | D:2      | Reached XP level 4. HP: 30/46 MP: 7/7
  3385 | D:2      | Reached skill level 4 in Fighting
  3385 | D:2      | Reached XP level 5. HP: 38/54 MP: 8/8
  3474 | D:2      | Learned a level 2 spell: Blink
  4731 | D:4      | Identified the +3 falchion of Invincibility {holy, *Slow
                  | +Rage Int+2}
  4810 | D:4      | Found a stormy altar of Qazlal.
  4815 | D:4      | Noticed a water moccasin
  4831 | D:4      | HP: 2/54 [poisoned by a water moccasin]
  5343 | D:4      | Noticed a lemure
  5343 | D:4      | Noticed a lemure
  5343 | D:4      | Noticed a lemure
  5365 | D:5      | Entered Level 5 of the Dungeon
  5372 | D:5      | Found an ancient bone altar of Kikubaaqudgha.
  5625 | D:5      | Learned a level 5 spell: Manifold Assault
  5661 | D:5      | Noticed a phantom
  5712 | D:5      | Noticed a water moccasin
  5714 | D:5      | HP: 1/55 [water moccasin (2)]
  5716 | D:5      | Slain by a water moccasin

Illustrated notes

Levels and vault maps discovered:
D:1:      wander_arrival_chamber, layout_basic, chequers_ecumenical_altar_grove
D:2:      layout_basic
D:3:      layout_basic
D:4:      minmay_spotlight, layout_basic, overflow_temple_1_default,
          serial_shops, shop, serial_bayou_pond_b, uniq_pikel, uniq_natasha
D:5:      layout_loops_ring, general_overflow_altar

Skill      XL: |  1  2  3  4 |
---------------+-------------+-----
Maces & Flails | 2 3 |  3.8
Fighting       | 3 4 |  4.3
Translocations | 3 |  3.6
Throwing       | |  1.0
Dodging        | |  2.1
Spellcasting   | |  2.4

Action                   |  1- 3 |  4- 6 || total
-------------------------+-------+-------++-------
Melee: Mace              |   147 |    25 ||   172
       Morningstar       |       |   136 ||   136
Throw: Boomerang         |       |     5 ||     5
       Throwing net      |       |     1 ||     1
 Cast: Blink             |       |     2 ||     2
  Use: Scroll            |       |    10 ||    10
       Potion            |       |     3 ||     3
Armor: Robe              |    73 |    47 ||   120
Dodge: Dodged            |   100 |   118 ||   218

Table legend: (Time is in decaauts)
 A = Elapsed time spent in this place.
 B = Non-inter-level travel time spent in this place.
 C = Inter-level travel time spent in this place.
 D = Time resting spent in this place.
 E = Time spent auto-exploring this place.
 F = Levels seen in this place.
 G = Mean time per level.
                   A        B        C        D        E       F      G
               +--------+--------+--------+--------+--------+-----+--------+
         Total |   5813 |   5672 |    141 |    841 |   3871 |   5 | 1162.6 |
       Dungeon |   5813 |   5672 |    141 |    841 |   3871 |   5 | 1162.6 |
               +--------+--------+--------+--------+--------+-----+--------+

Top non-repeatable levels by time:
     D:1: 1857 daAuts
     D:2: 1646 daAuts
     D:3: 1312 daAuts
     D:4: 636 daAuts
     D:5: 361 daAuts
